 Dungeon Crawl Stone Soup version 0.29-a0-1052-g6990b1bffc (webtiles) character file.

Game seed: 1067107442704483945

1505 Zeldest the Conjurer (level 8, -2/55 HPs)
             Began as an Octopode Conjurer on Aug 18, 2022.
             Was an Initiate of Gozag.
             Slain by Joseph
             ... wielding a +0 quarterstaff
              (17 damage)
             ... on level 7 of the Dungeon.
             The game lasted 00:14:21 (6225 turns).

Zeldest the Conjurer (Octopode Conjurer)            Turns: 6225, Time: 00:14:22

Health: -2/55      AC:  1    Str: 10    XL:     8   Next: 82%
Magic:  15/22      EV: 28    Int: 22    God:    Gozag
Gold:   247        SH:  0    Dex: 14    Spells: 11/14 levels left

rFire   . . .      SeeInvis .   o - +10 hand axe "Ygarilacynn" {vorpal, rN+ Str+4 Dex+3}
rCold   . . .      Faith    .   (no shield)
rNeg    + + .      Spirit   .   (helmet restricted)
rPois   .          Reflect  .   m - amulet of the acrobat
rElec   .          Harm     .   h - ring of positive energy
rCorr   .          Rampage  .   l - ring of magical power
Will    .....                   (no ring)
Stlth   +++.......              (no ring)
HPRegen 0.18/turn               (no ring)
MPRegen 0.18/turn               (no ring)
                                (no ring)
                                (no ring)

@: acrobatic
A: almost no armour, amphibious, 8 rings, camouflage 1, gelatinous body 1,
(nimble swimmer 1), tentacles
a: Renounce Religion, Potion Petition, Call Merchant, Bribe Branch


You were on level 7 of the Dungeon.
You worshipped Gozag.
Gozag was aware of your devotion.
You visited 2 branches of the dungeon, and saw 8 of its levels.
You also visited: Sewer.

You collected 334 gold pieces.
You paid 87 gold pieces to Gozag.

Inventory:

Hand Weapons
 j - a +0 dagger of venom
 o - the +10 hand axe "Ygarilacynn" (weapon) {vorpal, rN+ Str+4 Dex+3}
   (You found it on level 2 of the Dungeon)

   It inflicts extra damage upon your enemies.
   Str:       It affects your strength (+4).
   Dex:       It affects your dexterity (+3).
   rN:        It protects you from negative energy.
 E - a +0 dagger of chaos
Missiles
 y - 4 curare-tipped darts
Magical Staves
 v - a staff of death
Jewellery
 c - an amulet of reflection
 h - a ring of positive energy (left tentacle)
 l - a ring of magical power (right tentacle)
 m - an amulet of the acrobat (around mantle)
 t - a ring of magical power
Scrolls
 b - 5 scrolls of teleportation {unknown}
 d - a scroll of poison {unknown}
 e - a scroll of amnesia {unknown}
 f - 3 scrolls of enchant weapon {unknown}
 g - 3 scrolls of identify {unknown}
 n - a scroll of noise {unknown}
 r - a scroll of immolation {unknown}
 w - 2 scrolls of blinking {unknown}
 A - 3 scrolls of vulnerability {unknown}
 B - 2 scrolls of butterflies {unknown}
 F - a scroll of acquirement {unknown}
 H - 3 scrolls of silence {unknown}
Potions
 a - 2 potions of magic
 i - 4 potions of might {unknown}
 k - 2 potions of invisibility {unknown}
 p - 3 potions of attraction {unknown}
 q - 3 potions of lignification {unknown}
 s - 2 potions of berserk rage {unknown}
 u - 5 potions of curing {unknown}
 x - a potion of resistance {unknown}
 z - a potion of ambrosia {unknown}
 C - a potion of flight {unknown}
 D - a potion of haste {unknown}
 G - a potion of degeneration {unknown}


   Skills:
 + Level 5.1 Fighting
 - Level 2.0 Dodging
 - Level 2.6 Stealth
 - Level 3.4 Unarmed Combat
 + Level 3.9 Spellcasting
 * Level 7.7 Conjurations
 + Level 3.5 Summonings


You had 11 spell levels left.
You knew the following spells:

 Your Spells              Type           Power      Damage    Failure   Level
a - Magic Dart            Conj           100%       1d8       1%          1
b - Searing Ray           Conj           76%        2d7       1%          2

Your spell library contained the following spells:

 Spells                   Type           Power      Damage    Failure   Level
 Call Imp                 Summ           19%        N/A       4%          2
 Dazzling Flash           Conj/Hex       42%        N/A       7%          3
 Mephitic Cloud           Conj/Pois/Air  15%        N/A       12%         3
 Summon Guardian Golem    Hex/Summ       12%        N/A       17%         3
 Fulminant Prism          Conj/Hex       10%        3d9       22%         4
 Iskenderun's Mystic Bla  Conj/Tloc      21%        2d6       22%         4
 Ozocubu's Armour         Ice            4%         N/A       34%         3
 Orb of Destruction       Conj           19%        9d8       99%         7
 Ozocubu's Refrigeration  Ice            2%         4d7       100%        7
 Spellforged Servitor     Conj/Summ      14%        N/A       100%        7


Dungeon Overview and Level Annotations

Branches:
Dungeon (7/15)             Temple (1/1) D:6           Sewer (visited)

Altars:
Ashenzari
Cheibriados
Dithmenos
Elyvilon
Fedhas
Gozag
Hepliaklqana
Makhleb
Nemelex Xobeh
Qazlal
Ru
Sif Muna
Uskayaw
Vehumet
Xom
Yredelemnul
Zin
The Shining One

Shops:
D:3 *

Annotations:
D:7 Joseph


Innate Abilities, Weirdness & Mutations

You cannot wear most types of armour.
You are amphibious.
You can wear up to eight rings at the same time.
Your skin changes colour to match your surroundings (Stealth+).
Your rubbery body absorbs attacks. (AC +1, EV +1)
((You are camouflaged when in or above water. (Stealth+)))
You have tentacles for arms and can constrict up to eight enemies at once.


Message History

You aren't carrying any items that you can evoke.
Unknown command.
Found a bone ring.
Joseph shouts!
Joseph hits you with a +0 quarterstaff!
Casting: Searing Ray (safe; 1% risk of failure)
Confirm with . or Enter, or press ? or * to list all spells.
Okay, then.
Casting: Searing Ray (safe; 1% risk of failure)
Confirm with . or Enter, or press ? or * to list all spells.
Aiming: Searing Ray (safe; 1% risk of failure)
Press: ? - help, Shift-Dir - straight line, f - Joseph
Aim: Joseph, wielding a +0 quarterstaff and wearing a +0 leather armour (81% to hit)
The searing ray misses Joseph. (Press Numpad 5 to maintain the ray.) Joseph hits you with a +0 quarterstaff!
The searing ray misses Joseph.
Joseph completely misses you.
The searing ray hits Joseph.
Joseph is lightly wounded.
Joseph completely misses you.
The searing ray hits Joseph!
Joseph is moderately wounded.
You finish channelling your searing ray.
Joseph hits you with a +0 quarterstaff!
* * * LOW HITPOINT WARNING * * *
Casting: Searing Ray (safe; 1% risk of failure)
Confirm with . or Enter, or press ? or * to list all spells.
Aiming: Searing Ray (safe; 1% risk of failure)
Press: ? - help, Shift-Dir - straight line, f/p - Joseph
Aim: Joseph, wielding a +0 quarterstaff and wearing a +0 leather armour (moderately wounded, 81% to hit)
The searing ray hits Joseph.
Joseph is moderately wounded. (Press Numpad 5 to maintain the ray.) Joseph hits you with a +0 quarterstaff.
* * * LOW HITPOINT WARNING * * *
The searing ray hits Joseph.
Joseph is moderately wounded.
Joseph hits you with a +0 quarterstaff!
You die...
Your body crumbles into a pile of gold.

#### ###### ##...#
#..... #....@#####
######.#### #.....@...#
#.........#
#.....###.###.####.#...
##...#......#.# #.....
##=##.##.#.#.# #.....
#. # #.>...# #..... .
###.### #..<.. . ...#
##.... .# #.... ##...
#..... #.##


You could see Joseph.

Vanquished Creatures
  Pargi (Sewer)
  A black bear (D:5)
  An ogre (D:6)
  A bullfrog (D:6)
  4 necrophages
  2 scorpions
  Dowan (D:5)
  4 crimson imps (D:5)
  A jelly (D:6)
  An orc priest (D:6)
  3 hounds
  Jessica (D:3)
  An iguana (D:4)
  9 orc wizards (D:6)
  3 gnolls (D:2)
  5 adders
  A shadow imp (D:5)
  A white imp (D:5)
  An ufetubus (D:5)
  2 worms (D:5)
  2 dart slugs
  4 orcs (D:6)
  10 endoplasms
  2 giant cockroaches (D:2)
  7 goblins
  6 hobgoblins
  2 jackals (D:4)
  9 quokkas
  11 ball pythons
  4 bats
  2 frilled lizards
  8 kobolds
  10 rats
121 creatures vanquished.

Notes
Turn   | Place    | Note
-------+----------+-------------------------------------------
     0 | D:1      | Zeldest the Octopode Conjurer began the quest for the Orb.
     0 | D:1      | Reached XP level 1. HP: 11/11 MP: 3/3
   434 | D:1      | Reached XP level 2. HP: 3/18 MP: 1/5
   811 | D:1      | Reached skill level 1 in Fighting
   913 | D:1      | Reached skill level 1 in Unarmed Combat
   927 | D:1      | Learned a level 2 spell: Searing Ray
  1502 | D:1      | Reached XP level 3. HP: 23/23 MP: 4/6
  1642 | D:2      | Noticed a necrophage
  1648 | D:2      | Killed a necrophage
  1649 | D:2      | Reached XP level 4. HP: 29/29 MP: 0/7
  1829 | D:2      | Reached XP level 5. HP: 35/35 MP: 1/8
  2156 | D:2      | Identified the +10 hand axe "Ygarilacynn" {vorpal, rN+
                  | Str+4 Dex+3}
  2507 | D:3      | Found a glowing silver altar of Zin.
  2558 | D:3      | Found Roggaiwuk's General Store.
  2704 | D:3      | Found a large runed translucent door.
  2704 | D:3      | Found a large runed translucent door.
  2728 | D:3      | Found a burning altar of Makhleb.
  2731 | D:3      | Found a broken altar of Ashenzari.
  2924 | D:3      | Reached skill level 5 in Conjurations
  3006 | D:3      | Noticed Jessica
  3010 | D:3      | Killed Jessica
  3287 | D:4      | Reached XP level 6. HP: 28/42 MP: 7/9
  3826 | D:5      | Entered Level 5 of the Dungeon
  4155 | D:5      | Found a glowing drain.
  4184 | Sewer    | Entered a sewer
  4251 | Sewer    | Noticed Pargi
  4267 | Sewer    | Killed Pargi
  4268 | Sewer    | Reached skill level 1 in Summonings
  4268 | Sewer    | Reached XP level 7. HP: 42/47 MP: 6/10
  4378 | D:5      | Found a shimmering altar of Xom.
  4386 | D:5      | Reached skill level 6 in Conjurations
  4751 | D:5      | Reached XP level 8. HP: 54/54 MP: 12/12
  4811 | D:5      | Noticed Dowan
  4833 | D:5      | Killed Dowan
  5221 | D:6      | Reached skill level 7 in Conjurations
  5513 | D:6      | Found a staircase to the Ecumenical Temple.
  5568 | Temple   | Entered the Ecumenical Temple
  5617 | Temple   | Became a worshipper of Gozag Ym Sagoz the Greedy
  5805 | D:6      | Reached skill level 5 in Fighting
  6216 | D:7      | Noticed Joseph
  6225 | D:7      | Slain by Joseph

Illustrated notes

Levels and vault maps discovered:
D:1:      wander_arrival_estate, layout_loops_corners
D:2:      layout_basic
D:3:      layout_loops_cross, jmf_multi_god_temple2,
          mainiacjoe_overflow_cross_hatched, serial_shops, shop,
          kennysheep_another_room, kennysheep_jessica_study
D:4:      layout_rooms, fountainhead, chequers_serial_rivers_micro_e,
          kennysheep_potato
D:5:      layout_gridville, led_xom_imps, cheibrodos_sewer_entry_sluice,
          uniq_duvessa
D:6:      minmay_flawed_box, layout_loops_ring, minmay_temple_entry_sparse_star,
          minmay_misc_feat_room
D:7:      layout_loops_cross, uniq_joseph
Temple:   zaba_magenta_temple

Skill      XL: |  1  2  3  4  5  6  7  8 |
---------------+-------------------------+-----
Fighting       | 1 2 3 4 5 |  5.1
Unarmed Combat | 1 2 3 |  3.4
Conjurations   | 5 6 7 |  7.7
Summonings     | 1 2 3 |  3.5
Spellcasting   | 3 |  3.9
Dodging        | |  2.0
Stealth        | |  2.6

Action                   |  1- 3 |  4- 6 |  7- 9 || total
-------------------------+-------+-------+-------++-------
Melee: Unarmed           |     8 |       |       ||     8
       Tentacles         |     1 |       |     2 ||     3
       Constrict         |     1 |       |     1 ||     2
       Hand axe          |       |     3 |     5 ||     8
 Cast: Magic Dart        |    42 |   115 |    63 ||   220
       Searing Ray       |     1 |    12 |    26 ||    39
 Stab: Sleeping          |       |     1 |       ||     1
Armor: Skin              |       |     1 |     2 ||     3
Dodge: Dodged            |     4 |    39 |    39 ||    82
Block: Other             |     4 |       |       ||     4
       Reflection        |     1 |       |       ||     1

Table legend: (Time is in decaauts)
 A = Elapsed time spent in this place.
 B = Non-inter-level travel time spent in this place.
 C = Inter-level travel time spent in this place.
 D = Time resting spent in this place.
 E = Time spent auto-exploring this place.
 F = Levels seen in this place.
 G = Mean time per level.
                   A        B        C        D        E       F      G
               +--------+--------+--------+--------+--------+-----+--------+
         Total |   6224 |   6077 |    147 |   2187 |   2762 |   9 |  691.6 |
       Dungeon |   6014 |   5882 |    132 |   2141 |   2755 |   7 |  859.1 |
        Temple |     64 |     49 |     15 |      0 |      7 |   1 |   64.0 |
         Sewer |    144 |    144 |      0 |     46 |      0 |   1 |  144.0 |
               +--------+--------+--------+--------+--------+-----+--------+

Top non-repeatable levels by time:
     D:1: 1614 daAuts
     D:6: 1118 daAuts
     D:5: 992 daAuts
     D:2: 860 daAuts
     D:3: 688 daAuts
     D:4: 660 daAuts
   Sewer: 144 daAuts
     D:7: 78 daAuts
  Temple: 64 daAuts
